Unix NetHack Version 5.0.0-0 post-release - last build May 23 2026 06:08:33 (1c0ff79ee797540d5714e4e18072db0edd9e58ae,branch:main).

Game began 2026-05-24 02:14:03, ended 2026-05-24 02:36:11.

CygnusLR2, lawful male dwarven Caveman

   -------                                   ------
   |.....|                                   |.(..|
   |......####               ---------       |..>.|
   |....F|   # -------       |.......|       |..@..####
   |.....|   ##......-#      |.......|       --r---   ##%#         -----
   |.....|     |)..^.|#####  |.......|         ###       %#        |...|
   ----.--     |.....|    ###.........           #     ############....|
       #       |.....|       |.......|##         %           ##### |^.^----
       #     ##......|##[####.........####       #               # |.%....|
       #       -------#      ---------   #       #                 ....^..|
      ##           ####                  ##      #                 |......|
    ###           ###                     ##     #                 |^%^----
 ---.-----      ###                        # ----%---------   #####....|
 |.......|     ##                          ##|............|  ##    |^^.|
 |.......|                                  #|..........`..###     -----
 |.....<.|                                  #-...^......%.|
 |.......|                                   --------------
 |.....(.|
 ---------

CygnusLR2 the Aborigine  St:18/02 Dx:10 Co:19 In:10 Wi:8 Ch:7  Lawful
Dlvl:3  $:30 HP:0(46) Pw:7(7) AC:7  Xp:4 T:1627 

Latest messages:
 The wererat summons help!
 A sewer rat suddenly appears next to you!
 A sewer rat suddenly appears next to you!
 A sewer rat suddenly appears close by!
 A sewer rat suddenly appears close by!
 The wererat misses!
 You miss the wererat.
 The sewer rat bites!
 The sewer rat bites!
 The wererat hits!
 You hit the wererat!
 The sewer rat bites!
 The sewer rat bites!
 The wererat hits!
 You kill the wererat!
 The sewer rat bites!
 The sewer rat bites!
 You miss the sewer rat.
 The sewer rat bites!
 The sewer rat bites!
 The sewer rat bites!
 You kill the sewer rat!
 The sewer rat bites!
 The sewer rat bites!
 You kill the sewer rat!
 The sewer rat bites!
 The sewer rat bites!
 The sewer rat bites!
 Really step into that teleportation trap? [yn] (n) y
 Where do you want to be teleported?
 (For instructions type a '?')
 Move cursor to the desired position:
 The sewer rat suddenly disappears!
 The sewer rat suddenly disappears!
 You are beginning to feel hungry.
 What do you want to eat? [gns or ?*] ?
 This lichen corpse tastes okay.
 The sewer rat suddenly disappears!
 You stop eating the lichen corpse.
 There is a doorway here.
 You see here a partly eaten gnome corpse.
 You see here a partly eaten jackal corpse.
 The sewer rat bites!
 The sewer rat bites!
 You die...
 Do you want your possessions identified? [ynq] (y) n
 Do you want to see your attributes? [ynq] (y) n
 Do you want an account of creatures vanquished? [ynaq] (y) n
 Do you want to see your conduct and achievements? [ynq] (y) n
 Do you want to see the dungeon overview? [ynq] (y) n

Inventory:
 Coins    ('$')
  $ - 30 gold pieces
 Weapons  (')')
  b - a blessed +2 sling (alternate weapon; not wielded)
  m - a cursed -1 javelin
  a - a +1 club (weapon in right hand)
 Armor    ('[')
  v - an uncursed +0 orcish helm (being worn)
  e - an uncursed +0 leather armor (being worn)
 Comestibles  ('%')
  n - an uncursed slime mold
  s - an uncursed egg
  g - an uncursed lichen corpse
  y - an uncursed partly eaten lichen corpse
 Scrolls  ('?')
  h - an uncursed scroll of enchant weapon
  j - a blessed scroll of remove curse
  r - an uncursed scroll of scare monster
  w - a blessed scroll of teleportation
 Spellbooks  ('+')
  k - an uncursed spellbook of drain life
  t - an uncursed spellbook of healing
 Rings    ('=')
  x - a cursed ring of aggravate monster named curse
  o - a cursed ring of conflict named curse
  u - an uncursed ring of teleport control (on right hand)
 Tools    ('(')
  l - an uncursed blindfold
  f - an uncursed tin whistle named Magic Whistle
  i - an uncursed towel
 Gems/Stones  ('*')
  p - an uncursed garnet stone
  c - 14 uncursed flint stones (in quiver pouch)
  d - 25 uncursed rocks

CygnusLR2 the Caveman's attributes:

Background:
 You were an Aborigine, a level 4 dwarven Caveman.
 You were lawful, nominally on a mission for Anu
 who was opposed by Ishtar (neutral) and Anshar (chaotic).
 You were right-handed.
 You were in the Dungeons of Doom, on level 3.
 You entered the dungeon 1627 turns ago.
 It was nighttime.
 You had 114 experience points, 46 more were needed to attain level 5.

Basics:
 You had 0 out of 46 hit points.
 You had all 7 energy points (spell power).
 Your armor class was 7.
 Your wallet contained 30 zorkmids.
 Autopickup was off.

Final Characteristics:
 Your strength was 18/02 (limit:18/100).
 Your dexterity was 10 (peak:11, limit:20).
 Your constitution was 19 (limit:20).
 Your intelligence was 10 (limit:16).
 Your wisdom was 8 (limit:16).
 Your charisma was 7 (limit:16).

Final Status:
 You weren't hungry.
 You were unencumbered.
 You were wielding a club.
 You had basic skill with club.

Final Attributes:
 You were devoutly aligned.
 You had infravision.
 You had teleport control.
 You were warded.
 You are dead.

Miscellaneous:
 You didn't encounter any bones levels.
 Total elapsed playing time was 22 minutes and 7 seconds.

Major events:
 Turn
    1: CygnusLR2 the lawful dwarven Caveman entered the dungeon
 1285: attained the rank of Aborigine (level 3)
 1627: killed by a sewer rat

You didn't know any spells.

Skills:
 Fighting Skills
   bare handed combat [Basic]
 Weapon Skills
   dagger             [Unskilled]
   knife              [Unskilled]
   axe                [Unskilled]
   pick-axe           [Unskilled]
   club               [Basic]
   mace               [Unskilled]
   morning star       [Unskilled]
   flail              [Unskilled]
   hammer             [Unskilled]
   quarterstaff       [Unskilled]
   polearms           [Unskilled]
   spear              [Unskilled]
   trident            [Unskilled]
   bow                [Unskilled]
   sling              [Basic]
   boomerang          [Unskilled]
   unicorn horn       [Unskilled]
 Spellcasting Skills
   attack spells      [Unskilled]
   matter spells      [Unskilled]

Voluntary challenges:
 Character rerolling was not enabled.
 You were an atheist.
 You were illiterate.
 You never genocided any monsters.
 You never polymorphed an object.
 You never changed form.
 You used no wishes.
Achievements:
 You entered a shop.
 You attained the rank of Aborigine.

 The Dungeons of Doom: levels 1 to 3
    Level 1:
       Some fountains.
    Level 2:
       A tool shop, many fountains.
    Level 3: <- You were here.
       Final resting place for
          you, killed by a sewer rat.


Vanquished creatures:
  a shrieker
  a little dog
  3 orc zombies
  5 dwarf zombies
  a wererat
  a brown mold
  5 gnome zombies
  2 jackals
  a fox
  2 kobolds
  2 goblins
  4 sewer rats
  a grid bug
  3 lichens
  4 kobold zombies
  a newt
37 creatures vanquished.

No species were genocided or became extinct.

Game over:
                       ----------
                      /          \
                     /    REST    \
                    /      IN      \
                   /     PEACE      \
                  /                  \
                  |    CygnusLR2     |
                  |      30 Au       |
                  |   killed by a    |
                  |    sewer rat     |
                  |                  |
                  |                  |
                  |       2026       |
                 *|     *  *  *      | *
        _________)/\\_//(\/(/\)/\//\/|_)_______

Goodbye CygnusLR2 the Caveman...

You died in The Dungeons of Doom on dungeon level 3 with 583 points,
and 30 pieces of gold, after 1627 moves.
You were level 4 with a maximum of 46 hit points when you died.

